Map: New Repugnancy LE

Players

Kojak

  • Race: Terran Terran
  • Spawn Location: 7:00

Jplex

  • Race: Terran Terran
  • League: Diamond
  • Spawn Location: 1:00

Sabatiel

  • Race: Zerg Zerg

Subtle

  • Race: Zerg Zerg
  • League: Master

VOD

Have the link to the VOD?

Description

Time

  • Played on: Aug. 15, 2019, 3:34 p.m.
  • Length: 30:21
Show
View Real Time Build Order
Export as new Build Order

Kojak Terran 

Build Orders: 2 Factory, Mech 

Get SALT Encoding   

  12  0:01  SCV  
  13  0:13  SCV  
  14  0:17  Supply Depot  
  14  0:25  SCV  
  15  0:39  SCV  
  15  0:41  Refinery  
  16  0:45  Barracks  
  16  0:51  SCV  
  17  1:03  SCV  
  18  1:15  SCV  
  20  1:32  Reaper  
  20  1:33  Orbital Command  
  20  1:41  Refinery  
  20  1:46  Supply Depot  
  19  2:01  Factory  
  19  2:02  SCV  
  19  2:05  Marine  
  21  2:11  Bunker  
  21  2:14  SCV  
  22  2:26  Marine  
  23  2:31  SCV  
  24  2:41  Command Center  
  24  2:44  Marine  
  24  2:46  Factory Tech Lab  
  24  2:50  SCV  
  26  3:03  Barracks Reactor  
  26  3:06  SCV, Factory  
  27  3:18  SCV  
  28  3:31  SCV  
  29  3:35  Command Center  
  29  3:40  Infernal Pre-Igniter  
  29  3:45  SCV  
  30  3:59  SCV  
  30  4:01  Hellion x2  
  34  4:10  Bunker  
  34  4:11  SCV  
  34  4:15  Orbital Command  
  35  4:23  SCV  
  36  4:30  Hellion  
  36  4:31  Hellion  
  40  4:36  Supply Depot  
  40  4:39  SCV  
  41  4:46  SCV  
  41  4:47  Orbital Command  
  41  4:51  SCV  
  43  4:56  Siege Tank  
  43  4:58  SCV  
  47  5:04  SCV  
  48  5:09  Hellion  
  48  5:10  SCV, Supply Depot  
  48  5:12  Hellion  
  53  5:19  Armory  
  53  5:22  SCV  
  53  5:23  Marine  
  55  5:31  Hellion  
  55  5:34  Hellion  
  55  5:35  SCV x2  
  61  5:37  Refinery  
  61  5:41  Refinery  
  61  5:45  Siege Tank  
  61  5:47  SCV  
  61  5:48  SCV  
  66  5:52  SCV  
  67  5:57  Starport  
  67  5:59  SCV  
  67  6:02  Hellion  
  70  6:04  Hellion  
  70  6:09  SCV x2  
  72  6:12  SCV  
  72  6:17  Siege Tank  
  74  6:19  Supply Depot  
  74  6:21  Terran Vehicle Weapons Level 1  
  74  6:23  Orbital Command  
  74  6:28  Supply Depot  
  74  6:31  SCV x2  
  76  6:34  Starport Reactor  
  76  6:43  SCV x2  
  76  6:45  Engineering Bay  
  76  6:46  Refinery  
  78  6:49  Hellion x2  
  78  6:51  Factory  
  78  6:52  Siege Tank  
  85  6:55  SCV  
  85  6:59  SCV  
  85  7:00  SCV  
  88  7:07  SCV  
  89  7:11  SCV  
  89  7:12  SCV  
  89  7:14  Hellion  
  93  7:17  Supply Depot  
  93  7:18  Supply Depot  
  93  7:23  Armory  
  93  7:38  SCV x2, Siege Tank, Factory Tech Lab  
  93  7:39  Hellion  
  93  7:40  Viking x2  
  104  7:49  SCV  
  104  7:50  SCV  
  106  7:54  Command Center, Hellion  
  106  7:59  Supply Depot  
  106  8:00  Supply Depot  
  106  8:03  Smart Servos  
  106  8:07  Factory  
  106  8:10  Medivac  
  108  8:15  SCV  
  108  8:17  Refinery  
  109  8:20  Viking, SCV x2, Siege Tank  
  109  8:21  Siege Tank  
  109  8:22  Sensor Tower  
  119  8:32  SCV x3, Missile Turret  
  122  8:40  Missile Turret  
  122  8:43  Hellion  
  122  8:46  Missile Turret  
  124  8:51  Supply Depot  
  124  8:52  Supply Depot, Hellion  
  124  8:53  Thor  
  124  8:54  Sensor Tower  
  132  8:57  Missile Turret  
  132  9:01  Hi-Sec Auto Tracking, Terran Vehicle And Ship Armor Level 1  
  132  9:02  Missile Turret  
  132  9:09  Factory Tech Lab, Thor  
  138  9:18  SCV x3  
  141  9:24  SCV, Missile Turret  
  141  9:29  Command Center  
  141  9:30  SCV x2  
  144  9:33  Medivac  
  144  9:36  Thor  
  152  9:41  SCV x2  
  154  9:47  Command Center  
  154  9:52  Viking  
  156  9:59  Terran Vehicle Weapons Level 2  
  156  10:01  Siege Tank  
  159  10:12  Command Center  
  159  10:29  Starport  
  159  10:58  Thor x3  
  159  11:03  Hellion  
  178  11:10  Supply Depot  
  178  11:12  Supply Depot  
  178  11:19  Terran Vehicle And Ship Armor Level 2  
  178  11:23  Viking x2  
  178  11:24  Hellion  
  178  11:25  Hellion  
  186  11:37  Hellion  
  186  11:41  Thor  
  191  12:03  Command Center, Thor x2  
  191  12:06  Starport Reactor  
  198  12:09  Factory  
  190  12:20  Missile Turret  
  190  12:28  Hellion  
  192  12:30  Terran Vehicle Weapons Level 3  
  192  12:40  Viking, Supply Depot  
  192  12:42  Sensor Tower  
  194  12:48  Planetary Fortress  
  194  12:49  Refinery  
  194  12:51  Refinery  
  194  12:53  Missile Turret  
  194  12:57  Missile Turret x2  
  194  13:02  Thor  
  200  13:14  Sensor Tower  
  200  13:21  Starport, Factory Tech Lab  
  200  13:28  Starport  
  200  13:34  Viking  
  200  13:45  Missile Turret  
  200  13:48  Terran Vehicle And Ship Armor Level 3  
  200  13:57  Orbital Command  
  200  13:59  Starport Tech Lab, Missile Turret  
  200  14:01  Hellion x2  
  199  14:03  Orbital Command  
  199  14:04  Factory  
  198  14:22  Missile Turret  
  198  14:30  Viking  
  200  14:32  Starport Reactor  
  200  14:43  Command Center  
  200  14:51  Factory Tech Lab  
  200  15:07  Terran Ship Weapons Level 1  
  200  15:18  Thor  
  200  15:20  Siege Tank  
  200  15:21  Hellion  
  198  15:25  Raven  
  192  15:33  Refinery  
  192  15:35  Command Center  
  192  15:45  Hellion  
  192  15:46  Hellion  
  192  15:47  Hellion  
  198  15:56  Hellion  
  196  16:05  Orbital Command  
  196  16:10  Planetary Fortress  
  176  16:17  Thor x3  
  191  16:19  Command Center  
  191  16:20  Viking x2  
  191  16:21  Viking  
  191  16:22  Viking  
  199  16:54  Sensor Tower  
  199  17:10  Hellion  
  199  17:11  Hellion x2  
  195  17:17  Raven  
  182  17:27  Thor x2  
  182  17:28  Hellion  
  180  17:32  Hellion x3  
  180  17:33  Hellion  
  180  17:35  Orbital Command  
  186  17:39  Factory  
  186  17:42  Factory  
  180  17:49  Hellion  
  182  17:53  Hellion x2  
  182  17:54  Viking x2, Hellion  
  182  17:55  Hellion  
  194  18:01  Supply Depot  
  194  18:10  Hellion x2  
  198  18:15  Hellion  
  198  18:17  Refinery  
  198  18:19  Command Center  
  200  18:26  Siege Tank  
  189  18:27  Hellion x2  
  189  18:28  Thor  
  195  18:39  Sensor Tower  
  195  18:53  Terran Ship Weapons Level 2  
  195  18:56  Command Center  
  195  18:59  Planetary Fortress, Missile Turret  
  195  19:02  SCV  
  196  19:15  Refinery  
  196  19:20  Missile Turret  
  196  19:25  Factory Reactor  
  196  19:33  Factory Tech Lab  
  196  19:38  Refinery  
  190  19:42  Thor x2  
  190  19:43  Thor, Hellion x4  
  196  19:50  Viking x2  
  196  19:54  Neosteel Armor  
  196  19:59  Planetary Fortress  
  194  20:06  Command Center  
  194  20:11  Orbital Command  
  199  21:00  Raven  
  199  21:02  Hellion x2  
  184  21:33  Viking x2  
  184  21:35  Thor x3  
  184  21:36  Hellion  
  196  21:45  Terran Ship Weapons Level 3  
  196  21:47  Viking x2  
  183  21:48  Viking x2  
  161  21:54  Thor x2  
  161  21:55  Thor  
  161  21:56  Hellion x3  
  159  22:24  Thor x6  
  159  22:27  Hellion x5  
  159  22:28  Thor x2  
  181  22:41  Sensor Tower  
  181  22:46  Command Center  
  178  23:01  Hellion x3  
  178  23:02  Hellion x5  
  186  23:11  Hellion x2  
  154  23:23  Hellion x7  
  154  23:24  Hellion  
  164  23:33  Hellion x2  
  168  23:43  Viking  
  168  23:44  Thor x2, Hellion x3  
  168  23:45  Viking  
  190  23:50  Hellion x24  
  190  23:58  Command Center  
  190  24:06  Refinery  
  178  24:33  Planetary Fortress  
  178  24:35  Thor x2, Hellion x3  
  178  24:36  Hellion x2  
  200  24:40  Refinery  
  200  24:49  Missile Turret  
  200  24:55  Command Center  
  200  25:00  Hellion x17  
  200  25:11  Missile Turret  
  200  25:13  Orbital Command  
  200  25:32  Missile Turret  
  196  25:44  Command Center  
  196  25:47  Hellion x2  
  200  25:53  Refinery  
  200  25:58  Hellion x2  
  200  25:59  Hellion  
  200  26:00  Hellion x3  
  200  26:01  Hellion  
  192  26:10  Hellion  
  192  26:11  Hellion x2  
  150  26:20  Hellion x2  
  150  26:21  Hellion x3  
  150  26:22  Hellion x2  
  148  26:32  Thor, Hellion x2  
  156  26:34  Planetary Fortress  
  156  26:51  Hellion x2  
  156  26:52  Hellion x3  
  166  27:07  Thor  
  149  27:34  SCV x4  
  149  27:35  SCV x4  
  130  27:52  Command Center  
  130  28:00  Sensor Tower  
  130  28:03  Refinery  
  115  28:29  Hellion  
  115  28:30  Hellion x4  
  118  28:39  Hellion x7  
  118  29:13  Hellion x14  
  118  29:15  SCV x4  
  118  29:16  SCV x2  
  124  29:19  Thor  
  130  29:27  Viking x2  
  134  29:32  Planetary Fortress  
  132  29:40  SCV x5  
  137  29:50  SCV x2  
Show
View Real Time Build Order
Export as new Build Order

Jplex Terran 

Build Orders:  

Get SALT Encoding   

  12  0:01  Drone  
  13  0:09  Drone  
  13  0:13  Extractor  
  13  0:18  Drone  
  14  0:33  Spawning Pool  
  13  0:39  Drone  
  14  0:45  Overlord  
  14  0:53  Extractor  
  14  0:54  Drone  
  15  1:05  Drone  
  16  1:19  Metabolic Boost  
  16  1:20  Zergling x4  
  16  1:22  Zergling x2  
  19  1:33  Zergling x2  
  20  1:46  Hatchery  
  19  1:55  Queen  
  19  1:59  Drone  
  22  2:12  Overlord  
  22  2:31  Drone x3  
  22  2:34  Queen, Evolution Chamber  
  26  2:49  Drone  
  27  2:54  Drone  
  28  2:59  Drone  
  28  3:01  Zerg Melee Weapons Level 1  
  28  3:02  Queen  
  31  3:08  Overlord  
  31  3:11  Drone  
  32  3:13  Drone  
  32  3:15  Drone  
  34  3:20  Drone  
  34  3:21  Drone  
  36  3:31  Overlord  
  36  3:45  Drone  
  36  3:48  Drone x2  
  38  3:49  Hatchery  
  38  3:52  Drone x2  
  38  3:55  Drone  
  40  3:59  Drone  
  41  4:03  Drone  
  42  4:10  Drone  
  42  4:15  Drone x4  
  47  4:18  Overlord  
  47  4:19  Drone x2  
  47  4:23  Drone  
  50  4:30  Extractor, Drone  
  50  4:35  Drone  
  50  4:37  Lair  
  51  4:38  Drone  
  51  4:45  Drone x3  
  55  4:46  Overlord  
  55  4:50  Drone  
  56  4:54  Drone x3  
  56  4:57  Drone  
  60  5:00  Overlord  
  60  5:05  Queen  
  60  5:06  Baneling Nest  
  61  5:09  Overlord  
  61  5:10  Drone  
  61  5:12  Drone x2  
  64  5:16  Queen  
  64  5:18  Zergling x4  
  64  5:19  Zergling x4  
  70  5:23  Zergling x2  
  70  5:25  Overlord  
  70  5:28  Zergling x6  
  73  5:34  Overlord, Roach Warren  
  68  5:42  Queen  
  67  5:47  Drone x3  
  67  5:48  Drone x3  
  67  5:49  Zerg Missile Weapons Level 1  
  74  5:53  Evolution Chamber  
  74  5:54  Overlord  
  74  5:55  Drone  
  74  5:56  Drone x4  
  77  6:04  Drone x2  
  79  6:08  Drone  
  79  6:11  Centrifical Hooks  
  79  6:12  Overseer, Evolution Chamber  
  79  6:15  Drone x4  
  79  6:16  Drone, Queen  
  80  6:19  Extractor  
  80  6:20  Extractor, Zerg Melee Weapons Level 2  
  78  6:26  Drone x5  
  78  6:29  Spore Crawler  
  78  6:31  Spore Crawler  
  81  6:41  Overlord  
  81  6:44  Extractor  
  81  6:45  Drone x2  
  82  6:48  Roach x4  
  82  6:53  Roach x3  
  96  6:55  Overlord  
  96  6:56  Roach  
  96  6:57  Roach  
  100  7:04  Drone x5  
  100  7:08  Extractor, Overlord  
  104  7:11  Hatchery  
  103  7:16  Glial Reconstitution, Overlord  
  103  7:18  Drone x2  
  105  7:23  Spire  
  105  7:24  Spore Crawler  
  105  7:25  Drone x3  
  106  7:40  Hatchery  
  106  7:41  Pneumatized Carapace  
  106  7:42  Burrow  
  105  7:46  Infestation Pit, Roach  
  105  7:47  Roach x3  
  105  7:49  Overlord x2  
  112  7:51  Drone x2  
  112  7:52  Drone x2  
  112  7:53  Drone  
  112  7:54  Drone  
  112  7:56  Drone  
  112  7:57  Drone x2  
  112  7:58  Drone  
  120  8:04  Drone  
  121  8:06  Overseer  
  121  8:09  Drone x5  
  126  8:16  Drone  
  126  8:18  Drone  
  128  8:21  Overlord  
  128  8:24  Queen  
  130  8:28  Hive  
  130  8:29  Hydralisk Den  
  130  8:31  Extractor  
  130  8:32  Extractor, Zergling x14  
  134  8:35  Zergling x2  
  134  8:37  Zergling x6  
  134  8:40  Spore Crawler  
  137  8:46  Zerg Flyer Weapons Level 1  
  137  8:47  Zergling x2  
  137  8:48  Zergling x6  
  141  8:49  Overlord  
  141  8:51  Hatchery  
  140  8:56  Zerg Missile Weapons Level 2  
  140  8:58  Zerg Ground Armor Level 1  
  140  9:08  Mutalisk  
  140  9:09  Mutalisk x5  
  152  9:13  Mutalisk  
  154  9:22  Overlord x4  
  154  9:23  Overlord x4  
  154  9:29  Nydus Network  
  153  9:43  Extractor  
  153  9:44  Extractor  
  151  9:46  Zerg Melee Weapons Level 3  
  151  9:54  Baneling x10  
  151  9:55  Baneling x2  
  151  10:03  Zergling x30  
  151  10:05  Drone x2  
  168  10:14  Roach x3  
  168  10:15  Roach  
  168  10:18  Adrenal Glands  
  168  10:19  Spore Crawler  
  168  10:20  Overlord  
  173  10:27  Baneling x4  
  172  10:36  Nydus Canal  
  170  10:46  Nydus Canal  
  170  10:47  Nydus Network  
  169  10:52  Hydralisk  
  169  10:53  Hydralisk x14  
  197  11:05  Greater Spire  
  197  11:09  Nydus Canal  
  195  11:17  Grooved Spines  
  195  11:20  Nydus Canal  
  194  11:42  Overlord  
  194  11:48  Spine Crawler  
  194  11:49  Drone x2, Spine Crawler  
  194  11:50  Drone  
  194  11:51  Drone x4  
  194  11:52  Spine Crawler  
  198  11:55  Spine Crawler, Hatchery  
  198  11:56  Spine Crawler  
  198  11:58  Spine Crawler x2  
  193  12:04  Zerg Ground Armor Level 2, Zerg Missile Weapons Level 3  
  193  12:05  Spire  
  186  12:29  Muscular Augments  
  171  12:34  Corruptor  
  171  12:35  Corruptor x13  
  199  12:38  Zerg Flyer Weapons Level 2  
  199  12:41  Nydus Canal  
  199  12:44  Roach x13  
  184  13:16  Brood Lord  
  184  13:17  Brood Lord x3  
  192  13:20  Brood Lord x3  
  192  13:22  Roach x2  
  198  13:27  Brood Lord  
  198  13:29  Brood Lord x2  
  170  14:08  Spore Crawler  
  170  14:09  Spore Crawler, Spine Crawler  
  159  14:10  Spore Crawler x2, Spine Crawler  
  159  14:11  Spine Crawler  
  159  14:12  Spine Crawler, Infestor x7  
  159  14:13  Infestor  
  159  14:14  Spine Crawler  
  169  14:25  Corruptor  
  169  14:26  Corruptor x3  
  177  14:36  Infestor  
  179  14:47  Drone  
  179  14:48  Drone x19  
  199  15:07  Pathogen Glands  
  165  15:22  Corruptor x5  
  165  15:23  Corruptor x2  
  179  15:32  Brood Lord x3  
  185  15:39  Brood Lord  
  187  15:46  Brood Lord  
  187  15:47  Brood Lord  
  187  15:49  Brood Lord  
  193  15:53  Brood Lord  
  193  16:03  Neural Parasite  
  183  16:12  Brood Lord x3  
  181  16:18  Corruptor  
  181  16:19  Corruptor  
  181  16:23  Spine Crawler  
  181  16:25  Extractor x2, Spine Crawler x2  
  179  16:28  Spine Crawler  
  179  16:29  Spine Crawler  
  179  16:30  Spine Crawler  
  179  16:31  Corruptor  
  179  16:32  Corruptor x2  
  179  16:45  Brood Lord  
  179  16:52  Hatchery  
  176  16:54  Brood Lord  
  176  16:57  Brood Lord  
  176  16:58  Brood Lord  
  178  17:14  Brood Lord x3  
  184  17:24  Infestor x2  
  188  17:31  Zergling x24  
  180  17:54  Corruptor x5  
  172  18:06  Baneling x2  
  172  18:07  Baneling x8  
  172  18:08  Baneling x10  
  172  18:25  Extractor  
  159  18:31  Brood Lord x4  
  167  18:50  Extractor  
  166  18:58  Infestor x3  
  166  18:59  Infestor  
  166  19:02  Drone  
  175  19:03  Drone x11  
  186  19:13  Brood Lord  
  188  19:18  Infestor x2  
  188  19:19  Infestor  
  188  19:23  Corruptor  
  188  19:24  Corruptor  
  170  19:51  Infestor x5  
  176  20:01  Infestor x2  
  176  20:05  Hydralisk  
  180  20:20  Corruptor x2, Drone  
  180  20:21  Corruptor x4  
  184  20:22  Hatchery  
  191  20:35  Corruptor x2  
  191  20:36  Corruptor  
  191  20:41  Hydralisk, Zerg Flyer Weapons Level 3  
  197  20:43  Zerg Flyer Armor Level 1  
  197  20:44  Extractor  
  197  20:48  Extractor  
  197  20:49  Brood Lord  
  197  21:14  Corruptor  
  145  22:08  Brood Lord  
  145  22:09  Brood Lord x7  
  145  22:10  Corruptor x4  
  145  22:11  Corruptor  
  145  22:13  Zergling x22  
  145  22:14  Zergling x24  
  145  22:15  Zergling x4  
  194  22:20  Corruptor, Hydralisk  
  194  22:21  Corruptor  
  198  22:37  Zergling x4  
  157  23:16  Brood Lord x7  
  155  23:24  Infestor x3  
  159  23:28  Zergling x48  
  183  23:44  Infestor x3  
  189  23:55  Corruptor x2  
  189  24:01  Hatchery  
  192  24:05  Corruptor x2  
  174  24:26  Corruptor x4  
  178  24:40  Brood Lord  
  178  24:41  Brood Lord  
  182  24:46  Zergling x2  
  182  24:47  Zergling x14  
  182  24:52  Brood Lord  
  192  24:56  Corruptor  
  194  25:04  Corruptor  
  196  25:13  Baneling x6  
  196  25:14  Baneling  
  196  25:15  Baneling  
  140  26:23  Hydralisk  
  140  26:24  Hydralisk x16  
  140  26:25  Hydralisk x6  
  176  26:27  Zergling x18  
  176  26:28  Zergling x30  
  200  26:55  Baneling x3  
  200  26:56  Baneling  
  200  26:59  Hatchery, Baneling x4  
  200  27:00  Baneling  
  199  27:03  Spine Crawler  
  198  27:15  Hatchery  
  144  27:40  Viper x2  
  144  27:41  Viper x3  
  155  27:44  Zergling x12  
  155  27:45  Zergling x24  
  155  27:48  Hydralisk x2  
  155  27:51  Zergling x40  
  162  28:28  Infestor x4  
  161  28:42  Hatchery  
  161  28:46  Zergling x10  
  161  28:47  Zergling x22  
  176  28:49  Hydralisk  
  176  28:50  Hydralisk x7  
  176  28:55  Hydralisk x2  
  192  28:58  Zergling x8  
  199  29:27  Drone  
  199  29:30  Baneling x2  
  199  29:31  Baneling x3  
  199  29:41  Baneling x6  
  199  29:42  Baneling x15  
Show
View Real Time Build Order
Export as new Build Order

Sabatiel Zerg 

Build Orders:  

Get SALT Encoding   

Show
View Real Time Build Order
Export as new Build Order

Subtle Zerg 

Build Orders:  

Get SALT Encoding   

Tags
 
Add a new tag
Caveats
  • Supply blocks, unpowered buildings, or Contaminate may cause inaccurate times.
  • Supply counts are checked every 10 seconds.